 Dungeon Crawl Stone Soup version 0.28-a0-381-g937acc2988 (webtiles) character file.

Game seed: 1491678128456550489

187 dar the Grave Robber (level 5, 0/35 HPs)
             Began as a Vampire Necromancer on Sept 1, 2021.
             Slain by an orc (8 damage)
             ... on level 3 of the Dungeon.
             The game lasted 00:36:59 (2801 turns).

dar the Grave Robber (Vampire Necromancer)          Turns: 2801, Time: 00:37:00

Health: 0/35       AC:  2    Str:  8    XL:     5   Next: 39%
Magic:  10/10      EV: 13    Int: 18    God:
Gold:   155        SH:  0    Dex: 14    Spells: 3/11 levels left

rFire   . . .      SeeInvis +   n - +2 hand axe (vorpal)
rCold   . . .      Faith    .   (no shield)
rNeg    . . .      Spirit   .   a - +0 robe
rPois   .          Reflect  .   (no helmet)
rElec   .          Harm     .   (no cloak)
rCorr   .          Rampage  .   (no gloves)
Will    .....                   (no boots)
Stlth   ++........              (no amulet)
HPRegen 0.31/turn               (no ring)
MPRegen 0.12/turn               (no ring)

@: healing quickly
A: alive, fangs 3, see invisible, vampiric 2
a: Exsanguinate


You were on level 3 of the Dungeon.
You visited 1 branch of the dungeon, and saw 3 of its levels.

You collected 155 gold pieces.

Inventory:

Hand Weapons
 k - a +0 spear
 n - a +2 vorpal hand axe (weapon)
Missiles
 l - 17 poisoned darts (quivered)
Armour
 a - a +0 robe (worn)
Scrolls
 b - a scroll of torment {unknown}
 c - a scroll of enchant weapon {unknown}
 e - a scroll of holy word {unknown}
 f - 2 scrolls of identify {unknown}
 i - a scroll of vulnerability {unknown}
Potions
 d - 3 potions of curing {unknown}
 h - a potion of heal wounds {unknown}
 j - a potion of might {unknown}


   Skills:
 + Level 3.3 Dodging
 - Level 3.0 Stealth
 * Level 3.6 Spellcasting
 * Level 5.7 Necromancy


You had 3 spell levels left.
You knew the following spells:

 Your Spells              Type           Power      Damage    Failure   Level
a - Pain                  Necr           96%        1d8       1%          1
b - Animate Dead          Necr           12%        N/A       14%         4
c - Vampiric Draining     Necr           12%        2d7       4%          3

Your spell library contained the following spells:

 Spells                   Type           Power      Damage    Failure   Level
 Animate Skeleton         Necr           48%        N/A       1%          1
 Agony                    Necr           24%        N/A       36%         5


Dungeon Overview and Level Annotations

Branches:
Dungeon (3/15)

Altars:
Nemelex Xobeh


Innate Abilities, Weirdness & Mutations

Your natural rate of healing is accelerated.
You have razor-sharp teeth.
You have supernaturally acute eyesight. (SInv)
You are afflicted with vampirism and can become a bat while bloodless.


Message History

The orc is almost dead.
The orc hits you with a +0 trident.
The orc hits you from afar with a +0 trident.
* * * LOW HITPOINT WARNING * * *
The orc hits you with a +0 trident.
* * * LOW HITPOINT WARNING * * *
The orc hits you but does no damage.
Casting: Vampiric Draining (dangerous; 4% risk of failure)
Confirm with . or Enter, or press ? or * to list all spells.
Aiming: Vampiric Draining (dangerous; 4% risk of failure)
Press: ? - help, Shift-Dir - straight line, f - orc
Aim: an orc, wielding a +0 mace and wearing a +0 ring mail You draw life force from the orc.
You feel life coursing into your body. The orc barely misses you.
The orc closely misses you. The orc misses you.
Casting: Vampiric Draining (dangerous; 4% risk of failure)
Confirm with . or Enter, or press ? or * to list all spells.
Aiming: Vampiric Draining (dangerous; 4% risk of failure)
Press: ? - help, Shift-Dir - straight line, f - orc, p - orc
Aim: an orc, wielding a +0 trident and wearing a +0 leather armour (almost dead)
You draw life force from the orc.
You kill the orc!
The orc hits you from afar with a +0 trident.
* * * LOW HITPOINT WARNING * * *
Casting: Vampiric Draining (dangerous; 4% risk of failure)
Confirm with . or Enter, or press ? or * to list all spells.
You don't have enough magic to cast this spell.
Unknown command.
You are confused.
You feel invigorated. The orc closely misses you.
The orc hits you with a +0 mace.
* * * LOW HITPOINT WARNING * * *
You are too injured to fight recklessly!
You hit the orc but do no damage.
The orc is severely wounded.
You feel less invigorated.
You feel less confused. The orc hits you with a +0 mace.
* * * LOW HITPOINT WARNING * * *
The orc barely misses you. The orc hits you with a +0 mace!
You die...

. .#.# . #########.... #(
#..........#
#(##.......... .... #
#...........# #####... .#
#..(........###.....###.##
#.(......#............
#.(..o)....##.......#
#...o.@...###.......##
#..#####..###.........#.
....## #..#............#.
##..#
#.......#####.####.#. <...
........## #..# #... ..o..
###....## #.## ##.. ....
#....######.#####... ...
###...........†.....
#....####.###...†.


You could see 2 orcs.

Vanquished Creatures
  Natasha (thrice) (D:2)
  An orc wizard (D:3)
  4 adders
  A worm (D:3)
  5 orcs
  3 ball pythons
  7 bats
  5 endoplasms
  A giant cockroach (D:1)
  2 goblins
  2 hobgoblins
  3 jackals (D:3)
  A kobold (D:2)
  4 frilled lizards
  A rat (D:2)
43 creatures vanquished.

Notes
Turn   | Place    | Note
-------+----------+-------------------------------------------
     0 | D:1      | dar the Vampire Necromancer began the quest for the Orb.
     0 | D:1      | Reached XP level 1. HP: 13/13 MP: 3/3
   107 | D:1      | Found a faded altar of an unknown god.
   248 | D:1      | Reached XP level 2. HP: 16/19 MP: 0/5
   803 | D:2      | Noticed Natasha
   902 | D:2      | Gained mutation: You are afflicted with vampirism and can
                  | become a bat while bloodless. [Vampire growth]
   902 | D:2      | Reached XP level 3. HP: 22/24 MP: 3/6
  1038 | D:2      | Found a sparkling altar of Nemelex Xobeh.
  1393 | D:2      | Reached skill level 5 in Necromancy
  1537 | D:2      | Killed Natasha
  1538 | D:2      | Reached XP level 4. HP: 18/30 MP: 5/8
  1579 | D:2      | Learned a level 4 spell: Animate Dead
  1789 | D:2      | Noticed Natasha
  1796 | D:2      | Killed Natasha
  2179 | D:2      | Noticed Natasha
  2185 | D:2      | Killed Natasha
  2386 | D:2      | Reached XP level 5. HP: 10/35 MP: 6/10
  2499 | D:2      | Learned a level 3 spell: Vampiric Draining
  2801 | D:3      | Slain by an orc

Illustrated notes

Levels and vault maps discovered:
D:1:      dpeg_arrival_tiny_c, layout_rooms,
          hellmonk_ecumenical_altar_heavens_door
D:2:      layout_loops_cross, basic_altar, uniq_natasha
D:3:      layout_rooms, kennysheep_crisscross, minmay_misc_feat_pillars,
          grunt_decor_junction, minmay_quantized

Skill      XL: |  1  2  3  4 |
---------------+-------------+-----
Necromancy     | 5 |  5.7
Spellcasting   | 3 |  3.6
Dodging        | 3 |  3.3
Stealth        | |  3.0

Action                   |  1- 3 |  4- 6 || total
-------------------------+-------+-------++-------
Melee: Unarmed           |    14 |       ||    14
       Bite              |     1 |     4 ||     5
       Club              |     1 |       ||     1
       Spear             |     1 |    21 ||    22
       Hand axe          |       |    13 ||    13
Throw: Dart              |       |    18 ||    18
 Cast: Pain              |    50 |    28 ||    78
       Animate Dead      |       |     3 ||     3
       Vampiric Draining |       |     5 ||     5
  Use: Potion            |     1 |     1 ||     2
 Stab: Sleeping          |     1 |       ||     1
Armor: Robe              |    13 |    11 ||    24
Dodge: Dodged            |    40 |    63 ||   103

Table legend: (Time is in decaauts)
 A = Elapsed time spent in this place.
 B = Non-inter-level travel time spent in this place.
 C = Inter-level travel time spent in this place.
 D = Time resting spent in this place.
 E = Time spent auto-exploring this place.
 F = Levels seen in this place.
 G = Mean time per level.
                   A        B        C        D        E       F      G
               +--------+--------+--------+--------+--------+-----+--------+
         Total |   2815 |   2784 |     31 |    490 |   1317 |   3 |  938.3 |
       Dungeon |   2815 |   2784 |     31 |    490 |   1317 |   3 |  938.3 |
               +--------+--------+--------+--------+--------+-----+--------+

Top non-repeatable levels by time:
     D:2: 1728 daAuts
     D:1: 692 daAuts
     D:3: 393 daAuts
